Ducks vs Coyotes

Created - Sunday, April 12, 2015 at 01:34

Goals
1 2 3 T
Ducks 3 3 2 8
Coyotes 2 0 0 2
Shots
1 2 3 T
Ducks 12 13 13 38
Coyotes 12 9 15 36

1st period

1. Coyotes , Mark Borowiecki 6 (Elias Lindholm, Aaron Palushaj) at 3:11
2. Coyotes , Rich Peverley 16 (Jaden Schwartz, Mike Richards) at 4:52 (PP)
3. Ducks , Jonathan Huberdeau 6 (TJ Galiardi, Brett Bellemore) at 8:29
4. Ducks , James Sheppard 4 (Jonathan Huberdeau, TJ Galiardi) at 9:45
5. Ducks , Nick Foligno 14 (Patrick Kane, Matt Cooke) at 10:01 (PP)

Penalties :
Matt Cooke (Ana) for Hooking (Minor) at 0:44, Nick Foligno (Ana) for Tripping (Minor) at 4:37, Mike Richards (Ari) for Hooking (Minor) at 6:05, Matt Gilroy (Ari) for Hooking (Minor) at 9:56, Rich Peverley (Ari) for Interference (Minor) at 18:55

2nd period

6. Ducks , Marc Staal 4 (Nick Foligno, Patrick Kane) at 10:52
7. Ducks , Matthew Carle 15 (James Sheppard, Jonathan Huberdeau) at 18:24
8. Ducks , Matthew Carle 16 (Sean Bergenheim, Tyler Bozak) at 18:38

Penalties :
T.J. Brennan (Ari) for Holding (Minor) at 4:44, Jaden Schwartz (Ari) for Tripping (Minor) at 11:31

3rd period

9. Ducks , Nick Foligno 15 (Patrick Kane, Matt Cooke) at 5:53 (PP)
10. Ducks , Tyler Bozak 37 (Sean Bergenheim, Brett Bellemore) at 15:41 (PP)

Penalties :
Martin Erat (Ari) for Hooking (Minor) at 4:06, Martin Erat (Ari) for Hooking (Minor) at 15:31, Alex Grant (Ana) for Hooking (Minor) at 19:11

Goalie Stats

Martin Brodeur (Ana), 34 saves from 36 shots - (0.944), W, 26-36-4, 60:00 minutes
Mike McKenna (Ari), 13 saves from 17 shots - (0.765), L, 5-14-0, 30:52 minutes
Magnus Hellberg (Ari), 17 saves from 21 shots - (0.810), 29:08 minutes

Players Stats for Ducks

Player Name              G  A  P  +/- PIM S  H  SB GA TA FO     MP     PP MP  PK MP  
------------------------------------------------------------------------------------
Alex Grant               0  0  0   1  2   1  1  0  0  0  0/0    14:46   4:23   1:59 
Anton Stralman           0  0  0  -1  0   3  1  1  0  1  0/0    22:24   4:23   1:03 
Brett Bellemore          0  2  2   0  0   0  3  1  0  2  0/0    14:47   5:35   0:15 
Bryan Rodney             0  0  0  -1  0   2  0  1  0  1  0/0    16:58   0:00   0:00 
James Sheppard           1  1  2   3  0   4  1  0  1  0  0/0    12:13   0:00   1:01 
Joey Crabb               0  0  0   1  0   1  1  0  0  0  0/0    18:46   5:35   0:00 
Jonathan Huberdeau       1  2  3   3  0   5  0  0  1  0  7/9    11:12   0:00   0:00 
Marc Staal               1  0  1   5  0   3  1  3  0  2  0/0    23:52   0:00   2:47 
Matt Cooke               0  2  2   1  2   1  4  1  0  1  10/16  20:04   4:23   0:00 
Matt Frattin             0  0  0  -1  0   0  0  0  1  0  0/0     6:55   0:00   0:00 
Matthew Carle            2  0  2   4  0   3  0  0  1  1  0/0    27:12   5:35   0:00 
Mike Zigomanis           0  0  0  -1  0   0  0  1  0  2  0/0     6:55   0:00   0:00 
Nick Foligno             2  1  3   1  2   2  0  0  4  0  0/0    19:54   4:23   0:00 
Patrick Kane             0  3  3   1  0   2  2  0  4  0  1/5    22:06   4:23   2:01 
Sean Bergenheim          0  2  2   1  0   4  4  0  10 1  0/0    18:46   5:35   0:00 
TJ Galiardi              0  2  2   3  0   3  2  0  1  0  0/0    13:23   0:00   2:01 
Tom Pyatt                0  0  0  -1  0   0  0  1  1  0  2/4     6:55   0:00   0:00 
Tyler Bozak              1  1  2   1  0   4  2  1  1  1  13/23  19:47   5:35   1:01 

Players Stats for Coyotes

Player Name              G  A  P  +/- PIM S  H  SB GA TA FO     MP     PP MP  PK MP  
------------------------------------------------------------------------------------
Aaron Palushaj           0  1  1  -1  0   1  3  0  0  0  1/2    13:50   0:00   0:00 
Aaron Rome               0  0  0  -1  0   1  2  2  0  0  0/0    20:10   0:59   4:50 
David Jones              0  0  0   0  0   7  3  0  1  0  0/1    17:25   1:45   0:31 
Drayson Bowman           0  0  0   0  0   0  0  1  1  0  2/2    15:43   0:00   2:42 
Elias Lindholm           0  1  1   0  0   6  0  0  2  0  0/9    15:10   0:00   1:15 
Eric Nystrom             0  0  0   0  0   0  1  3  1  0  0/0    16:26   1:45   0:00 
Jaden Schwartz           0  1  1  -2  2   3  2  1  5  0  0/2    22:04   1:17   6:10 
Mark Borowiecki          1  0  1   0  0   1  1  1  0  2  0/0    12:29   0:00   0:00 
Markus Granlund          0  0  0   0  0   0  0  0  0  0  0/0     0:00   0:00   0:00 
Martin Erat              0  0  0  -1  4   4  1  1  1  0  6/13   18:38   1:45   1:49 
Matt Gilroy              0  0  0   0  2   2  0  2  0  2  0/0    13:24   0:00   0:52 
Michael Kostka           0  0  0  -1  0   5  2  1  0  1  0/0    20:10   0:59   4:50 
Mike Richards            0  1  1  -3  2   2  4  1  1  1  13/24  24:13   1:17   5:22 
Pierre-Marc Bouchard     0  0  0  -1  0   1  0  0  1  0  0/0     4:15   0:00   0:00 
Rich Peverley            1  0  1  -3  2   2  0  3  0  1  1/1    17:54   1:17   2:07 
Stephen Weiss            0  0  0  -1  0   0  0  0  2  0  1/3     4:15   0:00   0:00 
T.J. Brennan             0  0  0  -3  2   0  2  1  0  2  0/0    26:28   2:03   4:16 
Tom Gilbert              0  0  0  -3  0   1  2  1  2  4  0/0    27:21   2:03   5:08 

3 Stars

1 - Matthew Carle (Ana)
2 - Jonathan Huberdeau (Ana)
3 - Marc Staal (Ana)

Power Play

Ducks - 3 on 7 Attempt(s) - 42.86%
Coyotes - 1 on 3 Attempt(s) - 33.33%

Penalty Kill

Ducks - 2 on 3 Attempt(s) - 66.67% - Score 0 goal in Penalty Kill
Coyotes - 4 on 7 Attempt(s) - 57.14% - Score 0 goal in Penalty Kill

Team Stat

Ducks - Hits : 22 - Faceoff Wins : 33 - Blocked Shots : 10 - Penalty Minutes : 6
Coyotes - Hits : 23 - Faceoff Wins : 24 - Blocked Shots : 18 - Penalty Minutes : 14

Official

Referees : Unknown
Linesman : Unknown

Game Notes

Magnus Hellberg enters game at 10:52 of 2nd period

Finance

Level 1 -- Attendance: 4507 (75.12%) -- Ticket Income $414,644
Level 2 -- Attendance: 3497 (69.94%) -- Ticket Income $209,820
Level 3 -- Attendance: 1509 (75.45%) -- Ticket Income $48,288
Level 4 -- Attendance: 2670 (66.75%) -- Ticket Income $53,400
Luxury Box -- Attendance: 816 (81.60%) -- Ticket Income $150,960
Game was played at the Glendale Arena'
Total Attendance: 12999 (72.22%)
Total Ticket Income: $877,112
Other Income: $429,785
Total Income: $1,306,897

Ducks

5 vs 5 Forward 
   Center                   Left Wing                Right Wing               Time % Phy DF OF 
 1 Matt Cooke               Nick Foligno             Patrick Kane             35     1   2  2  
 2 Tyler Bozak              Sean Bergenheim          Joey Crabb               30     1   2  2  
 3 Jonathan Huberdeau       TJ Galiardi              James Sheppard           22     1   2  2  
 4 Tom Pyatt                Matt Frattin             Mike Zigomanis           13     1   2  2  

5 vs 5 Defense 
   Defense                  Defense                                           Time % Phy DF OF 
 1 Matthew Carle            Marc Staal                                        35     1   2  2  
 2 Bryan Rodney             Anton Stralman                                    30     1   2  2  
 3 Brett Bellemore          Matthew Carle                                     22     1   2  2  
 4 Alex Grant               Marc Staal                                        13     1   2  2  

PowerPlay Forward 
   Center                   Left Wing                Right Wing               Time % Phy DF OF 
 1 Matt Cooke               Nick Foligno             Patrick Kane             60     1   2  2  
 2 Tyler Bozak              Sean Bergenheim          Joey Crabb               40     1   2  2  

PowerPlay Defense
   Defense                  Defense                                           Time % Phy DF OF 
 1 Matthew Carle            Brett Bellemore                                   60     1   2  2  
 2 Alex Grant               Anton Stralman                                    40     1   2  2  

Penalty Kill 4 Players Forward 
   Center                   Wing                     Time % Phy DF OF 
 1 Patrick Kane             TJ Galiardi              60     1   2  2  
 2 Matt Cooke               Tyler Bozak              40     1   2  2  

Penalty Kill 4 Players Defense
   Defense                  Defense                  Time % Phy DF OF 
 1 Marc Staal               Alex Grant               60     1   2  2  
 2 Brett Bellemore          Anton Stralman           40     1   2  2  

Penalty Kill - 3 Players Forward 
   Forward                                           Time % Phy DF OF 
 1 Tyler Bozak                                       60     1   2  2  
 2 Nick Foligno                                      40     1   2  2  

Penalty Kill - 3 Players Defense
   Defense                  Defense                  Time % Phy DF OF 
 1 Marc Staal               Matthew Carle            60     1   2  2  
 2 Alex Grant               Anton Stralman           40     1   2  2  

4 vs 4 Forward 
   Center                   Wing                     Time % Phy DF OF 
 1 Jonathan Huberdeau       James Sheppard           60     1   2  2  
 2 Patrick Kane             Tyler Bozak              40     1   2  2  

4 vs 4 Defense
   Defense                  Defense                  Time % Phy DF OF 
 1 Matthew Carle            Marc Staal               60     1   2  2  
 2 Brett Bellemore          Anton Stralman           40     1   2  2  

Last Minutes Offensive
   Center                   Left Wing                Right Wing               Defense                  Defense                  
   Matt Cooke               Nick Foligno             Joey Crabb               Matthew Carle            Marc Staal               

Last Minutes Defensive
   Center                   Left Wing                Right Wing               Defense                  Defense                  
   Matt Cooke               Nick Foligno             Joey Crabb               Matthew Carle            Marc Staal               

Goaltenders
Starting : Martin Brodeur           
Backup : Jonathan Bernier         

Extra Forwards
Normal : Jonathan Huberdeau, TJ Galiardi, James Sheppard - PP : Jonathan Huberdeau, TJ Galiardi - PK : James Sheppard
Extra Defensemen
Normal : Brett Bellemore, Anton Stralman, Alex Grant - PP : Brett Bellemore - PK : Anton Stralman, Alex Grant
Penalty Shots
Jonathan Huberdeau, Sean Bergenheim, TJ Galiardi, Tyler Bozak, Patrick Kane

Coyotes

5 vs 5 Forward 
   Center                   Left Wing                Right Wing               Time % Phy DF OF 
 1 Mike Richards            Jaden Schwartz           Rich Peverley            35     1   2  2  
 2 Martin Erat              Eric Nystrom             David Jones              30     1   2  2  
 3 Elias Lindholm           Aaron Palushaj           Drayson Bowman           22     1   2  2  
 4 Stephen Weiss            Pierre-Marc Bouchard     Mike Richards            13     1   2  2  

5 vs 5 Defense 
   Defense                  Defense                                           Time % Phy DF OF 
 1 Tom Gilbert              T.J. Brennan                                      35     1   2  2  
 2 Michael Kostka           Aaron Rome                                        30     1   2  2  
 3 Mark Borowiecki          Matt Gilroy                                       22     1   2  2  
 4 Tom Gilbert              T.J. Brennan                                      13     1   2  2  

PowerPlay Forward 
   Center                   Left Wing                Right Wing               Time % Phy DF OF 
 1 Mike Richards            Jaden Schwartz           Rich Peverley            60     1   2  2  
 2 Martin Erat              Eric Nystrom             David Jones              40     1   2  2  

PowerPlay Defense
   Defense                  Defense                                           Time % Phy DF OF 
 1 Tom Gilbert              T.J. Brennan                                      60     1   2  2  
 2 Michael Kostka           Aaron Rome                                        40     1   2  2  

Penalty Kill 4 Players Forward 
   Center                   Wing                     Time % Phy DF OF 
 1 Mike Richards            Jaden Schwartz           60     1   2  2  
 2 Rich Peverley            Martin Erat              40     1   2  2  

Penalty Kill 4 Players Defense
   Defense                  Defense                  Time % Phy DF OF 
 1 Tom Gilbert              T.J. Brennan             60     1   2  2  
 2 Michael Kostka           Aaron Rome               40     1   2  2  

Penalty Kill - 3 Players Forward 
   Forward                                           Time % Phy DF OF 
 1 Mike Richards                                     60     1   2  2  
 2 Jaden Schwartz                                    40     1   2  2  

Penalty Kill - 3 Players Defense
   Defense                  Defense                  Time % Phy DF OF 
 1 Tom Gilbert              T.J. Brennan             60     1   2  2  
 2 Michael Kostka           Aaron Rome               40     1   2  2  

4 vs 4 Forward 
   Center                   Wing                     Time % Phy DF OF 
 1 Mike Richards            Jaden Schwartz           60     1   2  2  
 2 Rich Peverley            Martin Erat              40     1   2  2  

4 vs 4 Defense
   Defense                  Defense                  Time % Phy DF OF 
 1 Tom Gilbert              T.J. Brennan             60     1   2  2  
 2 Michael Kostka           Aaron Rome               40     1   2  2  

Last Minutes Offensive
   Center                   Left Wing                Right Wing               Defense                  Defense                  
   Mike Richards            Jaden Schwartz           Rich Peverley            Tom Gilbert              T.J. Brennan             

Last Minutes Defensive
   Center                   Left Wing                Right Wing               Defense                  Defense                  
   Mike Richards            Jaden Schwartz           Rich Peverley            Tom Gilbert              T.J. Brennan             

Goaltenders
Starting : Mike McKenna             
Backup : Magnus Hellberg          

Extra Forwards
Normal : Elias Lindholm, Aaron Palushaj, Drayson Bowman - PP : Elias Lindholm, Aaron Palushaj - PK : Drayson Bowman
Extra Defensemen
Normal : Mark Borowiecki, Matt Gilroy, Michael Kostka - PP : Mark Borowiecki - PK : Matt Gilroy, Michael Kostka
Penalty Shots
Mike Richards, Jaden Schwartz, Rich Peverley, Martin Erat, Eric Nystrom

% Time on Ice - Ducks

Lines # - Real PCT - Wanted PCT - Time Play
Normal Forward
1 - 33% - 35% - 15:42
2 - 28% - 30% - 13:11
3 - 24% - 22% - 11:12
4 - 15% - 13% - 6:55
Normal Defense
1 - 30% - 35% - 13:59
2 - 36% - 30% - 16:58
3 - 17% - 22% - 7:48
4 - 18% - 13% - 8:15
PP Forward
1 - 44% - 60% - 4:23
2 - 56% - 40% - 5:35
PP Defense
1 - 56% - 60% - 5:35
2 - 44% - 40% - 4:23
PK Forward
1 - 66% - 60% - 2:01
2 - 34% - 40% - 1:01
PK Defense
1 - 92% - 60% - 2:47
2 - 8% - 40% - 0:15
PK3 Forward
1 - 0% - 60%
2 - 0% - 40%
PK3 Defense
1 - 0% - 60%
2 - 0% - 40%
44 Forward
1 - 0% - 60%
2 - 0% - 40%
44 Defense
1 - 0% - 60%
2 - 0% - 40%
Last Minute Offensive  - 0:00
Last Minute Defensive  - 0:00
Total
Forward - 60:00
Defense - 60:00

% Time on Ice - Coyotes

Lines # - Real PCT - Wanted PCT - Time Play
Normal Forward
1 - 31% - 35% - 14:38
2 - 32% - 30% - 15:06
3 - 28% - 22% - 13:01
4 - 9% - 13% - 4:15
Normal Defense
1 - 35% - 35% - 16:28
2 - 31% - 30% - 14:21
3 - 27% - 22% - 12:29
4 - 8% - 13% - 3:42
PP Forward
1 - 42% - 60% - 1:17
2 - 58% - 40% - 1:45
PP Defense
1 - 68% - 60% - 2:03
2 - 32% - 40% - 0:59
PK Forward
1 - 76% - 60% - 7:35
2 - 24% - 40% - 2:23
PK Defense
1 - 52% - 60% - 5:08
2 - 48% - 40% - 4:50
PK3 Forward
1 - 0% - 60%
2 - 0% - 40%
PK3 Defense
1 - 0% - 60%
2 - 0% - 40%
44 Forward
1 - 0% - 60%
2 - 0% - 40%
44 Defense
1 - 0% - 60%
2 - 0% - 40%
Last Minute Offensive  - 0:00
Last Minute Defensive  - 0:00
Total
Forward - 60:00
Defense - 60:00

Play by Play

1st period


0:01 of 1st period - Mike Richards wins face-off versus Matt Cooke in neutral zone.
0:10 of 1st period - Wrist shot by Mike Richards.
0:10 of 1st period - Shot Blocked by Marc Staal.
0:12 of 1st period - Slapshot by Jaden Schwartz.
0:12 of 1st period - Shot Misses the Net.
0:14 of 1st period - Snap shot by Jaden Schwartz.
0:14 of 1st period - Shot Misses the Net.
0:44 of 1st period - Minor Penalty to Matt Cooke for Hooking.
0:45 of 1st period - Martin Erat wins face-off versus Patrick Kane in Ducks zone.
1:37 of 1st period - Tyler Bozak is hit by Jaden Schwartz and loses puck.
1:50 of 1st period - Mike Richards is hit by Alex Grant and loses puck.
1:59 of 1st period - Alex Grant is hit by Mike Richards and loses puck.
2:10 of 1st period - Tom Gilbert is hit by Tyler Bozak.
2:14 of 1st period - Snap shot by Tom Gilbert.
2:14 of 1st period - Shot Misses the Net.
2:32 of 1st period - T.J. Brennan is hit by TJ Galiardi and loses puck.
2:44 of 1st period - Penalty to Matt Cooke is over, Matt Cooke is back on ice.
3:02 of 1st period - Bryan Rodney is hit by Aaron Palushaj and loses puck.
3:09 of 1st period - Snap shot by Elias Lindholm.
3:09 of 1st period - Stopped by Martin Brodeur with a rebound.
3:11 of 1st period - Snap shot by Mark Borowiecki.
3:11 of 1st period - Goal by Mark Borowiecki - Ducks : 0 - Coyotes : 1.
3:12 of 1st period - Tyler Bozak wins face-off versus Elias Lindholm in neutral zone.
3:23 of 1st period - Snap shot by Elias Lindholm.
3:23 of 1st period - Shot Misses the Net.
3:25 of 1st period - Snap shot by Aaron Palushaj.
3:25 of 1st period - Shot Misses the Net.
3:27 of 1st period - Backhand shot by Aaron Palushaj.
3:27 of 1st period - Stopped by Martin Brodeur with a rebound.
3:29 of 1st period - Snap shot by Michael Kostka.
3:29 of 1st period - Stopped by Martin Brodeur without a rebound.
3:30 of 1st period - Tyler Bozak wins face-off versus Elias Lindholm in Ducks zone.
3:30 of 1st period - Tyler Bozak is hit by Aaron Palushaj.
4:24 of 1st period - Snap shot by David Jones.
4:24 of 1st period - Deflect By Matthew Carle.
4:24 of 1st period - Shot Misses the Net.
4:24 of 1st period - Puck is out of play.
4:25 of 1st period - Mike Richards wins face-off versus Matt Cooke in Ducks zone.
4:37 of 1st period - Minor Penalty to Nick Foligno for Tripping.
4:38 of 1st period - Mike Richards wins face-off versus Patrick Kane in Ducks zone.
4:52 of 1st period - Snap shot by Rich Peverley.
4:52 of 1st period - Goal by Rich Peverley - Ducks : 0 - Coyotes : 2.
4:53 of 1st period - Tyler Bozak wins face-off versus David Jones in neutral zone.
5:42 of 1st period - Wrist shot by Jaden Schwartz.
5:42 of 1st period - Stopped by Martin Brodeur with a rebound.
5:44 of 1st period - Slapshot by Tom Gilbert.
5:44 of 1st period - Deflect By Jaden Schwartz.
5:44 of 1st period - Stopped by Martin Brodeur without a rebound.
5:45 of 1st period - Matt Cooke wins face-off versus Mike Richards in Ducks zone.
6:05 of 1st period - Minor Penalty to Mike Richards for Hooking.
6:06 of 1st period - Drayson Bowman wins face-off versus Matt Cooke in Coyotes zone.
6:06 of 1st period - Drayson Bowman is hit by Patrick Kane.
6:45 of 1st period - Brett Bellemore is hit by Tom Gilbert and loses puck.
7:23 of 1st period - Slapshot by Tyler Bozak.
7:23 of 1st period - Shot Misses the Net.
7:25 of 1st period - Wrist shot by Tyler Bozak.
7:25 of 1st period - Stopped by Mike McKenna with a rebound.
7:27 of 1st period - Snap shot by Joey Crabb.
7:27 of 1st period - Deflect By Sean Bergenheim.
7:27 of 1st period - Stopped by Mike McKenna with a rebound.
7:29 of 1st period - Slapshot by Alex Grant.
7:29 of 1st period - Shot Blocked by Jaden Schwartz.
7:54 of 1st period - Anton Stralman is hit by T.J. Brennan and loses puck.
8:01 of 1st period - Tom Gilbert is hit by Brett Bellemore and loses puck.
8:05 of 1st period - Penalty to Mike Richards is over, Mike Richards is back on ice.
8:27 of 1st period - Wrist shot by TJ Galiardi.
8:27 of 1st period - Stopped by Mike McKenna with a rebound.
8:29 of 1st period - Wrist shot by Jonathan Huberdeau.
8:29 of 1st period - Goal by Jonathan Huberdeau - Ducks : 1 - Coyotes : 2.
8:30 of 1st period - Tyler Bozak wins face-off versus Stephen Weiss in neutral zone.
8:43 of 1st period - Mike Richards is hit by Sean Bergenheim and loses puck.
8:52 of 1st period - Sean Bergenheim is hit by Mike Richards.
9:27 of 1st period - Snap shot by TJ Galiardi.
9:27 of 1st period - Stopped by Mike McKenna with a rebound.
9:43 of 1st period - Snap shot by James Sheppard.
9:43 of 1st period - Stopped by Mike McKenna with a rebound.
9:45 of 1st period - Wrist shot by James Sheppard.
9:45 of 1st period - Goal by James Sheppard - Ducks : 2 - Coyotes : 2.
9:46 of 1st period - Matt Cooke wins face-off versus Martin Erat in neutral zone.
9:56 of 1st period - Minor Penalty to Matt Gilroy for Hooking.
9:57 of 1st period - Matt Cooke wins face-off versus Mike Richards in Coyotes zone.
10:01 of 1st period - Wrist shot by Nick Foligno.
10:01 of 1st period - Goal by Nick Foligno - Ducks : 3 - Coyotes : 2.
10:02 of 1st period - Martin Erat wins face-off versus Patrick Kane in neutral zone.
10:04 of 1st period - Off-side.
10:05 of 1st period - Matt Cooke wins face-off versus Martin Erat in neutral zone.
10:31 of 1st period - Marc Staal is hit by David Jones and loses puck.
10:35 of 1st period - Icing by Marc Staal.
10:36 of 1st period - Matt Cooke wins face-off versus Mike Richards in Ducks zone.
10:36 of 1st period - Matt Cooke is hit by Mike Richards.
11:33 of 1st period - Marc Staal is hit by Aaron Palushaj.
11:39 of 1st period - Aaron Rome is hit by Brett Bellemore and loses puck.
11:50 of 1st period - Matthew Carle is hit by Aaron Rome and loses puck.
11:58 of 1st period - Off-side.
11:59 of 1st period - Martin Erat wins face-off versus Tyler Bozak in neutral zone.
12:21 of 1st period - Snap shot by David Jones.
12:21 of 1st period - Stopped by Martin Brodeur without a rebound.
12:22 of 1st period - Rich Peverley wins face-off versus Tom Pyatt in Ducks zone.
12:39 of 1st period - Wrist shot by Rich Peverley.
12:39 of 1st period - Shot Blocked by Brett Bellemore.
12:41 of 1st period - Wrist shot by Mike Richards.
12:41 of 1st period - Shot Misses the Net.
12:43 of 1st period - Slapshot by Matt Gilroy.
12:43 of 1st period - Shot Misses the Net.
12:45 of 1st period - Wrist shot by Rich Peverley.
12:45 of 1st period - Stopped by Martin Brodeur without a rebound.
12:46 of 1st period - Jonathan Huberdeau wins face-off versus Martin Erat in Ducks zone.
12:51 of 1st period - Slapshot by Anton Stralman.
12:51 of 1st period - Deflect By Tom Gilbert.
12:51 of 1st period - Stopped by Mike McKenna with a rebound.
12:53 of 1st period - Wrist shot by Jonathan Huberdeau.
12:53 of 1st period - Shot Misses the Net.
12:55 of 1st period - Slapshot by Anton Stralman.
12:55 of 1st period - Shot Misses the Net.
12:57 of 1st period - Slapshot by TJ Galiardi.
12:57 of 1st period - Stopped by Mike McKenna with a rebound.
12:59 of 1st period - Snap shot by TJ Galiardi.
12:59 of 1st period - Shot Blocked by Eric Nystrom.
13:01 of 1st period - Slapshot by Anton Stralman.
13:01 of 1st period - Deflect By Martin Erat.
13:01 of 1st period - Stopped by Mike McKenna without a rebound.
13:02 of 1st period - Jonathan Huberdeau wins face-off versus Martin Erat in Coyotes zone.
13:15 of 1st period - Snap shot by Jonathan Huberdeau.
13:15 of 1st period - Stopped by Mike McKenna without a rebound.
13:16 of 1st period - Tyler Bozak wins face-off versus Mike Richards in Coyotes zone.
13:55 of 1st period - Matthew Carle is hit by Mark Borowiecki and loses puck.
14:15 of 1st period - Wrist shot by Jonathan Huberdeau.
14:15 of 1st period - Shot Misses the Net.
14:21 of 1st period - Slapshot by Jonathan Huberdeau.
14:21 of 1st period - Shot Misses the Net.
15:04 of 1st period - Aaron Rome is hit by Patrick Kane and loses puck.
15:25 of 1st period - Snap shot by David Jones.
15:25 of 1st period - Stopped by Martin Brodeur with a rebound.
17:26 of 1st period - Slapshot by Martin Erat.
17:26 of 1st period - Stopped by Martin Brodeur with a rebound.
18:15 of 1st period - Snap shot by Pierre-Marc Bouchard.
18:15 of 1st period - Shot Misses the Net.
18:17 of 1st period - Slapshot by Tom Gilbert.
18:17 of 1st period - Shot Misses the Net.
18:19 of 1st period - Backhand shot by Pierre-Marc Bouchard.
18:19 of 1st period - Stopped by Martin Brodeur with a rebound.
18:55 of 1st period - Minor Penalty to Rich Peverley for Interference.
18:56 of 1st period - Mike Richards wins face-off versus Tyler Bozak in Coyotes zone.
18:56 of 1st period - Mike Richards is hit by Tyler Bozak.
19:16 of 1st period - Wrist shot by Tyler Bozak.
19:16 of 1st period - Shot Misses the Net.
19:32 of 1st period - Snap shot by Sean Bergenheim.
19:32 of 1st period - Shot Misses the Net.
19:34 of 1st period - Snap shot by Sean Bergenheim.
19:34 of 1st period - Shot Misses the Net.
19:50 of 1st period - Drayson Bowman is hit by Sean Bergenheim and loses puck.
Goals for this period are 3 for Ducks vs 2 for Coyotes.
Shots for this period are 12 for Ducks vs 12 for Coyotes.

2nd period


0:01 of 2nd period - Mike Richards wins face-off versus Matt Cooke in neutral zone.
0:20 of 2nd period - Wrist shot by Jaden Schwartz.
0:20 of 2nd period - Shot Blocked by Matt Cooke.
0:22 of 2nd period - Slapshot by Tom Gilbert.
0:22 of 2nd period - Stopped by Martin Brodeur without a rebound.
0:23 of 2nd period - Mike Richards wins face-off versus Tyler Bozak in Ducks zone.
0:37 of 2nd period - Icing by Tyler Bozak.
0:38 of 2nd period - Tyler Bozak wins face-off versus Mike Richards in Ducks zone.
0:38 of 2nd period - Tyler Bozak is hit by Aaron Rome.
0:55 of 2nd period - Penalty to Rich Peverley is over, Rich Peverley is back on ice.
1:33 of 2nd period - Marc Staal is hit by Michael Kostka and loses puck.
2:28 of 2nd period - Slapshot by Elias Lindholm.
2:28 of 2nd period - Stopped by Martin Brodeur without a rebound.
2:29 of 2nd period - Stephen Weiss wins face-off versus Tom Pyatt in Ducks zone.
2:50 of 2nd period - Snap shot by Pierre-Marc Bouchard.
2:50 of 2nd period - Shot Blocked by Mike Zigomanis.
2:52 of 2nd period - Slapshot by Matt Gilroy.
2:52 of 2nd period - Deflect By Mike Richards.
2:52 of 2nd period - Stopped by Martin Brodeur with a rebound.
2:54 of 2nd period - Snap shot by Mike Richards.
2:54 of 2nd period - Shot Misses the Net.
2:56 of 2nd period - Wrist shot by Stephen Weiss.
2:56 of 2nd period - Shot Blocked by Tom Pyatt.
2:58 of 2nd period - Slapshot by Matt Gilroy.
2:58 of 2nd period - Stopped by Martin Brodeur without a rebound.
2:59 of 2nd period - Aaron Palushaj wins face-off versus Tyler Bozak in Ducks zone.
3:54 of 2nd period - Matthew Carle is hit by Eric Nystrom and loses puck.
4:44 of 2nd period - Minor Penalty to T.J. Brennan for Holding.
4:45 of 2nd period - Mike Richards wins face-off versus Tyler Bozak in Coyotes zone.
4:45 of 2nd period - Mike Richards is hit by Sean Bergenheim.
5:08 of 2nd period - Slapshot by Mike Richards.
5:08 of 2nd period - Shot Blocked by Anton Stralman.
5:34 of 2nd period - Wrist shot by Nick Foligno.
5:34 of 2nd period - Shot Misses the Net.
5:50 of 2nd period - Brett Bellemore is hit by Michael Kostka and loses puck.
5:57 of 2nd period - Wrist shot by Jaden Schwartz.
5:57 of 2nd period - Stopped by Martin Brodeur with a rebound.
6:37 of 2nd period - Tom Gilbert is hit by Anton Stralman and loses puck.
6:44 of 2nd period - Penalty to T.J. Brennan is over, T.J. Brennan is back on ice.
7:06 of 2nd period - Slapshot by Elias Lindholm.
7:06 of 2nd period - Stopped by Martin Brodeur without a rebound.
7:07 of 2nd period - Jonathan Huberdeau wins face-off versus Elias Lindholm in Ducks zone.
7:18 of 2nd period - Snap shot by Jonathan Huberdeau.
7:18 of 2nd period - Shot Misses the Net.
7:35 of 2nd period - Snap shot by Jonathan Huberdeau.
7:35 of 2nd period - Shot Misses the Net.
7:37 of 2nd period - Wrist shot by Jonathan Huberdeau.
7:37 of 2nd period - Stopped by Mike McKenna without a rebound.
7:38 of 2nd period - Tom Pyatt wins face-off versus Martin Erat in Coyotes zone.
8:10 of 2nd period - Snap shot by David Jones.
8:10 of 2nd period - Stopped by Martin Brodeur with a rebound.
8:12 of 2nd period - Snap shot by Aaron Rome.
8:12 of 2nd period - Shot Misses the Net.
8:14 of 2nd period - Slapshot by Aaron Rome.
8:14 of 2nd period - Shot Blocked by Marc Staal.
8:36 of 2nd period - Tyler Bozak is hit by Mike Richards and loses puck.
8:56 of 2nd period - Snap shot by Tyler Bozak.
8:56 of 2nd period - Shot Misses the Net.
9:00 of 2nd period - Snap shot by Sean Bergenheim.
9:00 of 2nd period - Shot Misses the Net.
9:16 of 2nd period - Snap shot by Jonathan Huberdeau.
9:16 of 2nd period - Shot Misses the Net.
9:18 of 2nd period - Slapshot by Matthew Carle.
9:18 of 2nd period - Shot Blocked by Drayson Bowman.
9:20 of 2nd period - Slapshot by Matthew Carle.
9:20 of 2nd period - Shot Blocked by Matt Gilroy.
9:22 of 2nd period - Snap shot by Marc Staal.
9:22 of 2nd period - Stopped by Mike McKenna with a rebound.
9:24 of 2nd period - Slapshot by Marc Staal.
9:24 of 2nd period - Deflect By Jonathan Huberdeau.
9:24 of 2nd period - Stopped by Mike McKenna with a rebound.
9:26 of 2nd period - Snap shot by James Sheppard.
9:26 of 2nd period - Shot Misses the Net.
9:28 of 2nd period - Backhand shot by Matthew Carle.
9:28 of 2nd period - Stopped by Mike McKenna with a rebound.
9:58 of 2nd period - Tom Gilbert is hit by Brett Bellemore and loses puck.
10:07 of 2nd period - Snap shot by David Jones.
10:07 of 2nd period - Stopped by Martin Brodeur with a rebound.
10:09 of 2nd period - Wrist shot by Eric Nystrom.
10:09 of 2nd period - Deflect By Martin Erat.
10:09 of 2nd period - Stopped by Martin Brodeur without a rebound.
10:10 of 2nd period - Martin Erat wins face-off versus Tyler Bozak in Ducks zone.
10:36 of 2nd period - Off-side.
10:37 of 2nd period - Mike Richards wins face-off versus Matt Cooke in neutral zone.
10:48 of 2nd period - Snap shot by Nick Foligno.
10:48 of 2nd period - Shot Misses the Net.
10:50 of 2nd period - Wrist shot by Nick Foligno.
10:50 of 2nd period - Shot Misses the Net.
10:52 of 2nd period - Slapshot by Marc Staal.
10:52 of 2nd period - Goal by Marc Staal - Ducks : 4 - Coyotes : 2.
10:52 of 2nd period - Magnus Hellberg enters game.
10:53 of 2nd period - Matt Cooke wins face-off versus Mike Richards in neutral zone.
11:10 of 2nd period - Snap shot by Nick Foligno.
11:10 of 2nd period - Shot Misses the Net.
11:12 of 2nd period - Wrist shot by Matt Cooke.
11:12 of 2nd period - Shot Misses the Net.
11:14 of 2nd period - Snap shot by Matt Cooke.
11:14 of 2nd period - Stopped by Magnus Hellberg with a rebound.
11:31 of 2nd period - Minor Penalty to Jaden Schwartz for Tripping.
11:32 of 2nd period - Mike Richards wins face-off versus Tyler Bozak in Coyotes zone.
11:44 of 2nd period - Wrist shot by Sean Bergenheim.
11:44 of 2nd period - Shot Misses the Net.
12:34 of 2nd period - Wrist shot by Nick Foligno.
12:34 of 2nd period - Shot Misses the Net.
12:36 of 2nd period - Slapshot by Alex Grant.
12:36 of 2nd period - Stopped by Magnus Hellberg with a rebound.
12:38 of 2nd period - Slapshot by Alex Grant.
12:38 of 2nd period - Shot Blocked by Michael Kostka.
13:31 of 2nd period - Penalty to Jaden Schwartz is over, Jaden Schwartz is back on ice.
13:36 of 2nd period - Matthew Carle is hit by David Jones and loses puck.
14:58 of 2nd period - Slapshot by Anton Stralman.
14:58 of 2nd period - Stopped by Magnus Hellberg without a rebound.
14:59 of 2nd period - Tyler Bozak wins face-off versus Elias Lindholm in Coyotes zone.
15:53 of 2nd period - Marc Staal is hit by T.J. Brennan and loses puck.
18:05 of 2nd period - Slapshot by Tyler Bozak.
18:05 of 2nd period - Stopped by Magnus Hellberg with a rebound.
18:18 of 2nd period - Icing by Michael Kostka.
18:19 of 2nd period - Jonathan Huberdeau wins face-off versus Aaron Palushaj in Coyotes zone.
18:20 of 2nd period - Snap shot by James Sheppard.
18:20 of 2nd period - Stopped by Magnus Hellberg with a rebound.
18:22 of 2nd period - Slapshot by James Sheppard.
18:22 of 2nd period - Stopped by Magnus Hellberg with a rebound.
18:24 of 2nd period - Wrist shot by Matthew Carle.
18:24 of 2nd period - Goal by Matthew Carle - Ducks : 5 - Coyotes : 2.
18:25 of 2nd period - Tyler Bozak wins face-off versus Elias Lindholm in neutral zone.
18:36 of 2nd period - Snap shot by Sean Bergenheim.
18:36 of 2nd period - Shot Misses the Net.
18:38 of 2nd period - Slapshot by Matthew Carle.
18:38 of 2nd period - Goal by Matthew Carle - Ducks : 6 - Coyotes : 2.
18:39 of 2nd period - Mike Richards wins face-off versus Matt Cooke in neutral zone.
19:54 of 2nd period - Mark Borowiecki is hit by Sean Bergenheim and loses puck.
Goals for this period are 3 for Ducks vs 0 for Coyotes.
Shots for this period are 13 for Ducks vs 9 for Coyotes.

3rd period


0:01 of 3rd period - Patrick Kane wins face-off versus Jaden Schwartz in neutral zone.
0:04 of 3rd period - Mike Richards is hit by Matt Cooke.
0:14 of 3rd period - Marc Staal is hit by Tom Gilbert and loses puck.
0:21 of 3rd period - Snap shot by Mike Richards.
0:21 of 3rd period - Shot Misses the Net.
0:37 of 3rd period - Jaden Schwartz is hit by Marc Staal and loses puck.
1:06 of 3rd period - Joey Crabb is hit by Martin Erat and loses puck.
1:11 of 3rd period - Slapshot by David Jones.
1:11 of 3rd period - Stopped by Martin Brodeur without a rebound.
1:12 of 3rd period - Jonathan Huberdeau wins face-off versus Elias Lindholm in Ducks zone.
2:26 of 3rd period - Slapshot by Martin Erat.
2:26 of 3rd period - Stopped by Martin Brodeur without a rebound.
2:27 of 3rd period - Tyler Bozak wins face-off versus Mike Richards in Ducks zone.
2:46 of 3rd period - Snap shot by Sean Bergenheim.
2:46 of 3rd period - Stopped by Magnus Hellberg with a rebound.
2:48 of 3rd period - Slapshot by Marc Staal.
2:48 of 3rd period - Shot Misses the Net.
2:50 of 3rd period - Snap shot by Joey Crabb.
2:50 of 3rd period - Shot Misses the Net.
2:52 of 3rd period - Wrist shot by Joey Crabb.
2:52 of 3rd period - Shot Misses the Net.
4:06 of 3rd period - Minor Penalty to Martin Erat for Hooking.
4:07 of 3rd period - Mike Richards wins face-off versus Tyler Bozak in Coyotes zone.
5:53 of 3rd period - Snap shot by Nick Foligno.
5:53 of 3rd period - Goal by Nick Foligno - Ducks : 7 - Coyotes : 2.
5:54 of 3rd period - Jonathan Huberdeau wins face-off versus Martin Erat in neutral zone.
5:57 of 3rd period - Snap shot by Anton Stralman.
5:57 of 3rd period - Shot Misses the Net.
5:59 of 3rd period - Wrist shot by TJ Galiardi.
5:59 of 3rd period - Shot Misses the Net.
6:01 of 3rd period - Wrist shot by Bryan Rodney.
6:01 of 3rd period - Shot Misses the Net.
6:03 of 3rd period - Wrist shot by Anton Stralman.
6:03 of 3rd period - Shot Blocked by Martin Erat.
6:11 of 3rd period - Wrist shot by Jonathan Huberdeau.
6:11 of 3rd period - Stopped by Magnus Hellberg with a rebound.
6:15 of 3rd period - Slapshot by Jonathan Huberdeau.
6:15 of 3rd period - Deflect By Eric Nystrom.
6:15 of 3rd period - Shot Misses the Net.
6:15 of 3rd period - Puck is out of play.
6:16 of 3rd period - Tom Pyatt wins face-off versus Elias Lindholm in Coyotes zone.
6:37 of 3rd period - Wrist shot by Elias Lindholm.
6:37 of 3rd period - Shot Blocked by Marc Staal.
7:09 of 3rd period - Eric Nystrom is hit by Matt Cooke and loses puck.
7:14 of 3rd period - Wrist shot by Patrick Kane.
7:14 of 3rd period - Shot Blocked by Mark Borowiecki.
7:16 of 3rd period - Slapshot by Anton Stralman.
7:16 of 3rd period - Shot Blocked by Eric Nystrom.
7:18 of 3rd period - Slapshot by Anton Stralman.
7:18 of 3rd period - Shot Blocked by Eric Nystrom.
7:20 of 3rd period - Wrist shot by Bryan Rodney.
7:20 of 3rd period - Stopped by Magnus Hellberg without a rebound.
7:21 of 3rd period - Tyler Bozak wins face-off versus Mike Richards in Coyotes zone.
8:12 of 3rd period - Wrist shot by David Jones.
8:12 of 3rd period - Shot Blocked by Bryan Rodney.
8:14 of 3rd period - Slapshot by Aaron Rome.
8:14 of 3rd period - Deflect By Matt Cooke.
8:14 of 3rd period - Stopped by Martin Brodeur without a rebound.
8:15 of 3rd period - Matt Cooke wins face-off versus Martin Erat in Ducks zone.
8:26 of 3rd period - Snap shot by David Jones.
8:26 of 3rd period - Stopped by Martin Brodeur without a rebound.
8:27 of 3rd period - Drayson Bowman wins face-off versus Jonathan Huberdeau in Ducks zone.
8:46 of 3rd period - Snap shot by James Sheppard.
8:46 of 3rd period - Shot Misses the Net.
8:56 of 3rd period - Wrist shot by Elias Lindholm.
8:56 of 3rd period - Stopped by Martin Brodeur with a rebound.
8:58 of 3rd period - Slapshot by Michael Kostka.
8:58 of 3rd period - Stopped by Martin Brodeur with a rebound.
9:00 of 3rd period - Slapshot by Michael Kostka.
9:00 of 3rd period - Stopped by Martin Brodeur without a rebound.
9:01 of 3rd period - Matt Cooke wins face-off versus Mike Richards in Ducks zone.
9:30 of 3rd period - Snap shot by Rich Peverley.
9:30 of 3rd period - Shot Misses the Net.
9:54 of 3rd period - Tom Gilbert is hit by Joey Crabb and loses puck.
10:01 of 3rd period - Slapshot by Sean Bergenheim.
10:01 of 3rd period - Shot Misses the Net.
10:03 of 3rd period - Snap shot by Tyler Bozak.
10:03 of 3rd period - Shot Blocked by T.J. Brennan.
10:05 of 3rd period - Snap shot by Marc Staal.
10:05 of 3rd period - Stopped by Magnus Hellberg with a rebound.
10:07 of 3rd period - Slapshot by Marc Staal.
10:07 of 3rd period - Deflect By Sean Bergenheim.
10:07 of 3rd period - Stopped by Magnus Hellberg without a rebound.
10:08 of 3rd period - Tyler Bozak wins face-off versus Elias Lindholm in Coyotes zone.
10:17 of 3rd period - Snap shot by Elias Lindholm.
10:17 of 3rd period - Stopped by Martin Brodeur with a rebound.
10:19 of 3rd period - Wrist shot by Aaron Palushaj.
10:19 of 3rd period - Shot Misses the Net.
10:21 of 3rd period - Slapshot by Michael Kostka.
10:21 of 3rd period - Stopped by Martin Brodeur with a rebound.
10:46 of 3rd period - Icing by Matthew Carle.
10:47 of 3rd period - Martin Erat wins face-off versus Jonathan Huberdeau in Ducks zone.
11:37 of 3rd period - Icing by Bryan Rodney.
11:38 of 3rd period - Matt Cooke wins face-off versus Jaden Schwartz in Ducks zone.
12:15 of 3rd period - Snap shot by Rich Peverley.
12:15 of 3rd period - Shot Misses the Net.
12:22 of 3rd period - Icing by Bryan Rodney.
12:23 of 3rd period - Matt Cooke wins face-off versus Elias Lindholm in Ducks zone.
12:28 of 3rd period - Aaron Rome is hit by Matt Cooke and loses puck.
12:55 of 3rd period - Snap shot by Elias Lindholm.
12:55 of 3rd period - Shot Blocked by Tyler Bozak.
12:57 of 3rd period - Slapshot by Michael Kostka.
12:57 of 3rd period - Stopped by Martin Brodeur with a rebound.
12:59 of 3rd period - Snap shot by Elias Lindholm.
12:59 of 3rd period - Shot Misses the Net.
13:01 of 3rd period - Slapshot by Michael Kostka.
13:01 of 3rd period - Deflect By Elias Lindholm.
13:01 of 3rd period - Stopped by Martin Brodeur with a rebound.
13:21 of 3rd period - Joey Crabb is hit by David Jones and loses puck.
13:26 of 3rd period - Wrist shot by Martin Erat.
13:26 of 3rd period - Stopped by Martin Brodeur without a rebound.
13:27 of 3rd period - Jonathan Huberdeau wins face-off versus Mike Richards in Ducks zone.
13:42 of 3rd period - Wrist shot by Jonathan Huberdeau.
13:42 of 3rd period - Shot Blocked by Matt Gilroy.
13:48 of 3rd period - Slapshot by Matt Gilroy.
13:48 of 3rd period - Shot Misses the Net.
13:50 of 3rd period - Wrist shot by Mike Richards.
13:50 of 3rd period - Stopped by Martin Brodeur with a rebound.
13:52 of 3rd period - Slapshot by Matt Gilroy.
13:52 of 3rd period - Stopped by Martin Brodeur with a rebound.
14:04 of 3rd period - Mark Borowiecki is hit by James Sheppard and loses puck.
14:39 of 3rd period - Wrist shot by David Jones.
14:39 of 3rd period - Stopped by Martin Brodeur with a rebound.
14:58 of 3rd period - Tom Gilbert is hit by Matt Cooke and loses puck.
15:09 of 3rd period - Snap shot by Patrick Kane.
15:09 of 3rd period - Shot Misses the Net.
15:11 of 3rd period - Slapshot by Bryan Rodney.
15:11 of 3rd period - Stopped by Magnus Hellberg with a rebound.
15:31 of 3rd period - Minor Penalty to Martin Erat for Hooking.
15:32 of 3rd period - Mike Richards wins face-off versus Tyler Bozak in Coyotes zone.
15:41 of 3rd period - Snap shot by Tyler Bozak.
15:41 of 3rd period - Goal by Tyler Bozak - Ducks : 8 - Coyotes : 2.
15:42 of 3rd period - Mike Richards wins face-off versus Tyler Bozak in neutral zone.
15:45 of 3rd period - Matthew Carle is hit by Jaden Schwartz and loses puck.
15:52 of 3rd period - Snap shot by Tyler Bozak.
15:52 of 3rd period - Stopped by Magnus Hellberg with a rebound.
15:54 of 3rd period - Snap shot by Marc Staal.
15:54 of 3rd period - Shot Blocked by Mike Richards.
15:56 of 3rd period - Snap shot by Matthew Carle.
15:56 of 3rd period - Shot Blocked by Aaron Rome.
15:58 of 3rd period - Slapshot by Marc Staal.
15:58 of 3rd period - Deflect By Sean Bergenheim.
15:58 of 3rd period - Stopped by Magnus Hellberg without a rebound.
15:59 of 3rd period - Tyler Bozak wins face-off versus Mike Richards in Coyotes zone.
16:23 of 3rd period - Snap shot by Tyler Bozak.
16:23 of 3rd period - Shot Blocked by Rich Peverley.
16:25 of 3rd period - Slapshot by Matthew Carle.
16:25 of 3rd period - Shot Blocked by Rich Peverley.
16:27 of 3rd period - Snap shot by Tyler Bozak.
16:27 of 3rd period - Shot Blocked by Aaron Rome.
16:29 of 3rd period - Snap shot by Joey Crabb.
16:29 of 3rd period - Shot Blocked by Rich Peverley.
16:54 of 3rd period - Wrist shot by Nick Foligno.
16:54 of 3rd period - Shot Misses the Net.
16:56 of 3rd period - Slapshot by Matt Cooke.
16:56 of 3rd period - Deflect By Patrick Kane.
16:56 of 3rd period - Stopped by Magnus Hellberg with a rebound.
17:45 of 3rd period - Martin Erat is hit by TJ Galiardi and loses puck.
18:52 of 3rd period - Wrist shot by Sean Bergenheim.
18:52 of 3rd period - Shot Blocked by Tom Gilbert.
18:54 of 3rd period - Snap shot by Joey Crabb.
18:54 of 3rd period - Stopped by Magnus Hellberg without a rebound.
18:55 of 3rd period - Tyler Bozak wins face-off versus Stephen Weiss in Coyotes zone.
19:11 of 3rd period - Minor Penalty to Alex Grant for Hooking.
19:12 of 3rd period - Martin Erat wins face-off versus Patrick Kane in Ducks zone.
19:42 of 3rd period - Wrist shot by Patrick Kane.
19:42 of 3rd period - Stopped by Magnus Hellberg with a rebound.
Goals for this period are 2 for Ducks vs 0 for Coyotes.
Shots for this period are 13 for Ducks vs 15 for Coyotes.


Output by the SimonT Hockey Simulator (STHS) for Eric Dolegowski -- Original Page W3C XHTML 1.0 Valid
Hockey Simulator - Hockey Simulation - Hockey Manager